Map: Вечная империя РВ

Players

ELESTRAGO - Winner!

  • Race: Terran Terran
  • League: Master
  • Spawn Location: 1:00

IIIIIIIIIIII

  • Race: Zerg Zerg
  • League: Master
  • Spawn Location: 7:00

VOD

Have the link to the VOD?

Description

Time

  • Played on: Dec. 21, 2019, 1:54 p.m.
  • Length: 17:29
Show
View Real Time Build Order
Export as new Build Order

ELESTRAGO Terran - Winner!

Build Orders: Liberator Opening, Reaper Expand 

Get SALT Encoding   

  12  0:00  SCV  
  13  0:13  SCV  
  14  0:18  Supply Depot  
  14  0:25  SCV  
  15  0:40  SCV  
  15  0:41  Barracks  
  16  0:43  Refinery  
  16  0:52  SCV  
  17  1:04  SCV  
  18  1:16  SCV  
  19  1:28  Orbital Command, Reaper  
  20  1:43  Command Center  
  20  1:52  Supply Depot  
  20  1:55  SCV  
  20  2:00  Marine  
  22  2:07  SCV  
  23  2:15  Factory  
  23  2:17  Refinery  
  23  2:20  Barracks Reactor  
  23  2:21  SCV  
  24  2:33  SCV  
  25  2:45  SCV  
  25  2:55  Orbital Command  
  25  2:57  SCV  
  26  2:59  Starport  
  26  3:04  Marine  
  26  3:05  Hellion x2  
  31  3:09  SCV  
  32  3:20  Supply Depot, Liberator, SCV  
  32  3:21  SCV  
  32  3:25  Marine  
  37  3:27  Hellion x2  
  39  3:35  SCV x2  
  44  3:44  Barracks Tech Lab  
  44  3:49  Supply Depot  
  44  3:50  Hellion x2  
  44  3:53  SCV  
  49  4:03  Marine  
  49  4:04  Stimpack  
  49  4:09  SCV x2  
  52  4:17  Command Center  
  52  4:26  SCV  
  53  4:32  Starport Reactor  
  53  4:35  Factory Tech Lab, Barracks  
  53  4:37  Barracks  
  53  4:40  SCV  
  53  4:41  Marine  
  53  4:45  SCV, Engineering Bay x2  
  56  4:52  SCV  
  57  4:55  Siege Tank  
  57  4:57  SCV  
  55  5:11  SCV x2  
  55  5:12  Terran Infantry Armor Level 1, Terran Infantry Weapons Level 1  
  51  5:21  Starport Reactor  
  51  5:23  Marine x2, SCV x2  
  51  5:28  Marine, Refinery x2  
  53  5:30  Orbital Command  
  53  5:33  Marine  
  53  5:34  Marine  
  53  5:35  SCV x2  
  57  5:40  Barracks x2  
  57  5:43  Marine x2  
  57  5:46  Marine  
  57  5:47  SCV x2  
  65  5:54  Marine x2  
  65  5:55  Combat Shield  
  67  5:58  Medivac x2  
  67  5:59  SCV x2  
  67  6:01  Orbital Command  
  70  6:11  Supply Depot, SCV x2  
  70  6:13  Supply Depot  
  70  6:14  Supply Depot  
  70  6:15  Marine x3  
  70  6:16  Marine  
  76  6:23  SCV  
  77  6:27  Factory Reactor  
  77  6:28  Barracks Reactor x2  
  77  6:32  Marine, SCV  
  79  6:33  SCV, Factory  
  79  6:35  SCV  
  81  6:47  Marine x4, Medivac x2  
  81  6:49  SCV x2  
  81  6:50  Marine, SCV, Armory  
  93  6:58  Supply Depot  
  93  7:01  SCV x2  
  93  7:03  SCV  
  93  7:05  Marine, Supply Depot  
  101  7:08  Widow Mine x2  
  101  7:19  SCV x2  
  101  7:24  Widow Mine  
  101  7:26  Marine  
  101  7:27  Marine x2  
  101  7:28  Marine x4  
  101  7:29  Marine, Marauder  
  117  7:30  Widow Mine x2  
  117  7:31  Supply Depot  
  117  7:32  Supply Depot  
  117  7:34  SCV x2  
  117  7:35  SCV  
  116  7:44  Marine  
  116  7:46  Marine  
  117  7:52  Marine x4, Widow Mine x2  
  117  7:53  Marine x2  
  117  7:54  Terran Infantry Armor Level 2, Terran Infantry Weapons Level 2, Widow Mine  
  117  7:55  Supply Depot  
  117  7:56  Terran Vehicle And Ship Armor Level 1  
  129  8:04  Marine  
  132  8:05  Marine, Marauder  
  132  8:10  Marine x2  
  132  8:12  Refinery  
  135  8:14  Marine x2, Command Center, Widow Mine x2  
  135  8:16  Marine, Widow Mine  
  144  8:20  Marine  
  144  8:22  Marine, SCV  
  144  8:26  Marine  
  146  8:35  Widow Mine x2  
  146  8:37  Marine x2  
  146  8:39  Widow Mine  
  146  8:40  Marauder  
  145  8:44  SCV  
  136  8:54  Marine x3  
  128  8:57  Widow Mine x2  
  128  8:59  Marine  
  128  9:00  Widow Mine  
  128  9:01  Marauder  
  128  9:02  Marine x2, Medivac x2  
  133  9:03  Marine x2  
  137  9:12  Refinery  
  137  9:15  Marine x3  
  140  9:18  Widow Mine x2  
  140  9:22  Widow Mine  
  140  9:23  Marine, Marauder  
  149  9:24  Concussive Shells  
  149  9:25  Marine x4, Sensor Tower  
  153  9:33  Marine x3  
  153  9:34  Barracks x2  
  153  9:37  SCV  
  143  9:39  Widow Mine x2, Barracks  
  143  9:41  Marine  
  143  9:43  Widow Mine  
  143  9:44  Marine x2, Marauder  
  143  9:45  Marine x2  
  145  9:47  SCV  
  145  9:51  Marine x3  
  149  9:56  SCV  
  149  9:58  Marine  
  148  10:01  Widow Mine  
  148  10:02  Marine x4  
  148  10:03  Supply Depot  
  148  10:05  Marine, SCV  
  156  10:18  Marine, Widow Mine  
  156  10:19  Marine x3, SCV  
  156  10:22  Barracks Tech Lab, Medivac, Widow Mine  
  156  10:23  Barracks Tech Lab, Widow Mine  
  156  10:24  Marine x2  
  156  10:31  SCV  
  156  10:39  Planetary Fortress  
  156  10:42  Terran Infantry Weapons Level 3, Terran Infantry Armor Level 3, Terran Vehicle And Ship Armor Level 2  
  156  10:43  Missile Turret  
  156  10:57  Marine, Medivac  
  156  10:58  SCV  
  156  10:59  Marine  
  156  11:08  Supply Depot  
  156  11:11  Marine  
  156  11:12  Medivac  
  156  11:14  Marauder, Widow Mine  
  156  11:15  Widow Mine  
  156  11:22  Drilling Claws  
  156  11:25  Fusion Core  
  156  11:26  Starport  
  156  11:27  Widow Mine  
  156  11:30  Marine  
  156  11:35  Marauder  
  156  11:36  Widow Mine x2  
  162  11:43  Barracks Tech Lab, Marauder  
  164  11:49  Marine x2  
  164  11:50  Liberator x2, Marauder  
  164  11:59  Marauder, Widow Mine  
  164  12:00  Refinery, Widow Mine x2  
  160  12:02  Refinery  
  160  12:04  Marine x5  
  160  12:05  Supply Depot x3, Marauder  
  160  12:06  Command Center  
  160  12:07  Starport Reactor  
  153  12:08  Marine  
  153  12:09  Marauder  
  153  12:10  Marine x2  
  153  12:12  Marauder  
  153  12:15  SCV x2  
  159  12:20  Marauder  
  159  12:21  Marine, Widow Mine  
  164  12:26  Marine x2  
  164  12:27  Marine x2, Marauder, Widow Mine x2  
  174  12:31  Marauder, Sensor Tower  
  174  12:32  SCV x2  
  174  12:33  Marauder  
  174  12:34  Supply Depot  
  174  12:35  Supply Depot  
  180  12:55  Marine x4  
  180  12:56  Marine, Marauder, Widow Mine x3  
  180  12:57  Marauder  
  188  13:03  Liberator x3  
  188  13:05  Liberator  
  188  13:13  Supply Depot  
  188  13:14  Supply Depot  
  188  13:17  Marine x3  
  188  13:18  SCV, Marauder  
  196  13:53  Widow Mine x2  
  193  14:01  Marine  
  193  14:02  Marine, Marauder x2  
  199  14:05  Hi-Sec Auto Tracking, Neosteel Armor  
  199  14:06  Terran Vehicle And Ship Armor Level 3  
  195  14:25  Unknown  
  185  14:36  Marine x2, Widow Mine x3  
  185  14:37  Marauder x2  
  177  14:48  Supply Depot x2  
  177  14:49  Supply Depot, Planetary Fortress  
  177  14:52  Liberator x4  
  177  14:57  Widow Mine  
  179  15:10  Widow Mine x2  
  195  15:19  Ghost Academy x3, Widow Mine  
  195  15:20  Ghost Academy  
  197  15:26  Command Center  
  192  15:31  Widow Mine  
  186  15:37  Marine  
  186  15:38  Marine x2  
  186  15:39  Marauder  
  186  15:42  Widow Mine x2  
  195  15:55  Personal Cloaking  
  195  15:56  Nuke x3  
  195  16:11  Ghost x2  
  195  16:17  Command Center  
  195  16:18  Command Center  
  196  16:24  Marine x3  
  196  16:25  Marine, Marauder x2  
  194  16:37  Marine  
  194  16:38  Marine  
  195  16:40  Marauder x2  
  195  16:46  Marauder  
  195  16:48  SCV  
  195  16:49  SCV x2  
  193  17:00  SCV  
  196  17:01  SCV x2  
  197  17:17  Command Center  
  197  17:18  Command Center  
Show
View Real Time Build Order
Export as new Build Order

IIIIIIIIIIII Zerg 

Build Orders: Hatch First 

Get SALT Encoding   

  12  0:00  Drone  
  13  0:13  Overlord  
  13  0:17  Drone  
  14  0:31  Drone x2  
  16  0:49  Hatchery  
  15  0:51  Drone  
  15  0:55  Drone  
  17  0:58  Drone  
  18  1:09  Extractor  
  17  1:14  Spawning Pool  
  17  1:17  Drone  
  17  1:20  Drone  
  18  1:28  Drone  
  19  1:39  Drone  
  20  1:52  Overlord  
  20  2:00  Queen x2  
  24  2:02  Zergling x4  
  26  2:11  Metabolic Boost  
  26  2:13  Drone x2  
  29  2:22  Drone  
  29  2:23  Drone  
  30  2:35  Drone  
  30  2:36  Drone  
  31  2:54  Hatchery, Queen  
  31  2:58  Overlord  
  32  3:00  Pneumatized Carapace  
  32  3:05  Drone x2  
  34  3:07  Drone  
  34  3:12  Drone  
  36  3:16  Overlord  
  36  3:18  Drone x2  
  38  3:30  Queen  
  38  3:33  Drone x3  
  43  3:38  Drone x2  
  45  3:45  Drone x3  
  48  3:55  Overlord x2  
  48  4:06  Queen x2  
  48  4:08  Zergling x8  
  56  4:18  Zergling x6  
  56  4:22  Lair, Spore Crawler  
  61  4:24  Drone x3  
  61  4:28  Drone x2  
  63  4:32  Drone x2  
  65  4:38  Drone  
  65  4:40  Drone x2  
  68  4:47  Drone x6  
  68  4:49  Baneling Nest  
  69  5:05  Drone x6  
  69  5:06  Drone x2  
  62  5:22  Drone x6  
  62  5:23  Drone x2  
  62  5:27  Extractor  
  69  5:29  Evolution Chamber, Extractor  
  69  5:31  Evolution Chamber  
  69  5:33  Centrifical Hooks  
  66  5:35  Drone x3  
  69  5:44  Drone x4  
  69  5:46  Extractor  
  69  5:47  Extractor  
  69  5:49  Extractor  
  70  5:53  Hatchery  
  70  5:54  Overlord x3  
  69  6:00  Zerg Melee Weapons Level 1  
  69  6:01  Drone  
  69  6:02  Drone x4  
  74  6:06  Overlord x2  
  74  6:17  Drone x2  
  76  6:18  Zerg Ground Armor Level 1  
  76  6:32  Zergling x28  
  90  6:42  Overseer  
  90  6:53  Zergling x18  
  90  6:54  Baneling x10, Hatchery  
  98  6:55  Baneling x4  
  98  7:02  Queen  
  98  7:06  Overlord x2  
  100  7:09  Drone x6  
  102  7:29  Zergling x2  
  103  7:30  Zergling x18  
  103  7:31  Infestation Pit  
  103  7:36  Hatchery  
  109  7:41  Overlord x3  
  109  7:43  Drone  
  109  7:44  Drone  
  111  7:55  Drone x7  
  118  8:00  Overseer  
  117  8:07  Baneling  
  117  8:08  Baneling x6  
  117  8:09  Zergling x30  
  132  8:17  Hive  
  132  8:29  Zergling x2  
  132  8:30  Zergling x26  
  102  8:57  Drone x6  
  102  9:00  Queen  
  110  9:03  Baneling x3  
  110  9:04  Baneling x12, Zergling x2  
  110  9:05  Zergling x42  
  110  9:09  Zerg Melee Weapons Level 2  
  132  9:10  Zerg Ground Armor Level 2  
  132  9:19  Overlord x2  
  132  9:22  Extractor  
  132  9:23  Zergling x20  
  141  9:31  Zergling x16  
  141  9:42  Zergling x12  
  141  9:44  Baneling x2  
  141  9:45  Baneling x2, Overseer  
  132  9:58  Adrenal Glands  
  132  9:59  Ultralisk Cavern  
  126  10:04  Baneling x5  
  126  10:05  Zergling x42  
  147  10:20  Zergling x12  
  147  10:21  Zergling x8  
  133  10:33  Zergling x2  
  133  10:34  Zergling x18  
  142  10:48  Baneling x8  
  147  10:50  Ultralisk x2  
  143  10:58  Zergling x2  
  143  10:59  Zergling x32  
  135  11:12  Zergling x28  
  135  11:14  Chitinous Plating  
  147  11:21  Ultralisk  
  137  11:37  Ultralisk  
  142  11:44  Overlord x7  
  134  11:55  Overlord  
  134  11:56  Overlord  
  130  12:02  Ultralisk  
  130  12:03  Ultralisk x3  
  144  12:16  Ultralisk  
  144  12:20  Hatchery  
  144  12:21  Baneling  
  143  12:23  Drone x5  
  143  12:25  Queen  
  150  12:37  Ultralisk x2  
  155  12:48  Ultralisk  
  155  12:49  Ultralisk  
  158  13:03  Overseer  
  146  13:14  Zergling x22  
  146  13:15  Zergling x30  
  171  13:22  Baneling x2  
  171  13:28  Hatchery  
  170  13:34  Overseer  
  170  13:36  Baneling  
  170  13:37  Baneling x16  
  162  13:49  Hatchery  
  155  13:58  Zergling x2  
  155  13:59  Zergling x12  
  162  14:11  Spire, Drone x3  
  162  14:17  Queen  
  161  14:26  Zergling x10  
  143  14:45  Drone x7  
  150  14:52  Queen  
  150  14:58  Zergling x4  
  154  15:03  Queen  
  156  15:10  Zergling x2  
  156  15:11  Zergling x22  
  154  15:29  Hatchery  
  147  15:53  Hatchery  
  146  16:08  Zergling x24  
  146  16:09  Zergling x4  
  129  16:35  Corruptor  
  129  16:36  Corruptor x5  
  128  16:56  Corruptor x4  
  128  16:57  Corruptor  
  137  17:05  Overseer  
  120  17:09  Baneling x5  
  120  17:10  Baneling x12  
Tags
 
Add a new tag
Caveats
  • Supply blocks, unpowered buildings, or Contaminate may cause inaccurate times.
  • Supply counts are checked every 10 seconds.